 Dungeon Crawl Stone Soup version 0.28-a0-683-ga8797d1ae1 (webtiles) character file.

Game seed: 14745914114431631693

103 KoroneIsBestGirl the Skirmisher (level 4, 0/48 HPs)
             Began as an Ogre Gladiator on Oct 19, 2021.
             Slain by Grinder (4 damage)
             ... on level 3 of the Dungeon.
             The game lasted 00:03:15 (2977 turns).

KoroneIsBestGirl the Skirmisher (Ogre Gladiator)    Turns: 2977, Time: 00:03:16

Health: 0/48       AC:  3    Str: 19    XL:     4   Next: 79%
Magic:  4/4        EV:  7    Int:  9    God:
Gold:   117        SH:  6    Dex: 10    Spells: 3/3 levels left

rFire   . . .      SeeInvis .   a - +0 flail
rCold   . . .      Faith    .   g - +0 kite shield
rNeg    . . .      Spirit   .   b - +0 robe
rPois   .          Reflect  .   c - +0 hat
rElec   .          Harm     .   (no cloak)
rCorr   .          Rampage  .   (gloves unavailable)
Will    .....                   (boots unavailable)
Stlth   +.........              (no amulet)
HPRegen 0.16/turn               (no ring)
MPRegen 0.09/turn               (no ring)

@: weak-willed
A: large, unfitting armour, tough skin 1
a: no special abilities


You were on level 3 of the Dungeon.
You visited 1 branch of the dungeon, and saw 3 of its levels.

You collected 117 gold pieces.

Inventory:

Hand Weapons
 a - a +0 flail (weapon)
Missiles
 d - 3 throwing nets
 i - 75 stones (quivered)
Armour
 b - a +0 robe (worn)
 c - a +0 hat (worn)
 g - a +0 kite shield (worn)
Scrolls
 h - 2 scrolls of identify {unknown}
 k - a scroll of blinking {unknown}


   Skills:
 + Level 3.8 Fighting
 + Level 3.6 Maces & Flails
 + Level 2.3 Throwing
 + Level 3.5 Dodging


You had 3 spell levels left.
You didn't know any spells.
Your spell library contained the following spells:

 Spells                   Type           Power      Damage    Failure   Level
 Sting                    Tmut/Pois      0%         1d3       96%         1


Dungeon Overview and Level Annotations

Branches:
Dungeon (3/15)

Altars:
Nemelex Xobeh

Shops:
D:3 !

Annotations:
D:3 Grinder


Innate Abilities, Weirdness & Mutations

You are too large for most types of armour.
You have tough skin. (AC +1)


Message History

You thump Grinder!
Grinder is moderately wounded.
Grinder gestures at you. You resist with significant effort.
Grinder barely misses you.
You thump Grinder!
Grinder is heavily wounded.
Grinder zaps a wand.
The puff of flame hits you!
You are too injured to fight recklessly!
You are too injured to fight recklessly!
You are too injured to fight recklessly!
Hit: a) +0 flail
Press: ? - help, Dir - move target, f/p - Grinder
Aim: Grinder, carrying a wand of flame (4) (heavily wounded, about 53% to evade your +0 flail)
You barely miss Grinder.
Grinder is heavily wounded.
Grinder gestures at you.
You barely resist. Grinder hits you but does no damage.
You are too injured to fight recklessly!
Your shield prevents you from hitting Grinder.
Grinder is heavily wounded.
You block Grinder's attack.
You closely miss Grinder.
Grinder is heavily wounded.
Grinder barely misses you. Grinder hits you!
You writhe in agony.
* * * LOW HITPOINT WARNING * * *
It was a potion of curing.
You feel better. Grinder gestures at you. Pain shoots through your body!
* * * LOW HITPOINT WARNING * * *
As you read the scroll labelled CAURUS CAAB, it crumbles to dust.
You feel aware of your surroundings.
You sensed 2 altars.
It was a scroll of magic mapping.
Grinder zaps a wand.
The puff of flame hits you.
* * * LOW HITPOINT WARNING * * *
As you read the scroll labelled NATWOCZAUTZ, it crumbles to dust.
Magic quickly surges around you.
It was a scroll of vulnerability.
Grinder hits you.
* * * LOW HITPOINT WARNING * * *
You writhe in agony.
You die...

##.###.## #.##.
##...## #.#.# ##.##
#..,. #.# ****# #.#
*. #.## *. #..# *,
#..# ********,
#.@#*******,,,,,,*,
#.5...(...,,,,,,,,,
##(...###.,≈≈≈,,,*,
####.# *,≈≈≈≈≈,,*,
*.# *,≈≈_≈≈,**,
*****,# *,≈≈,≈≈,**,
*,,,,,* *,≈≈,≈≈,**,
*,***** *,≈≈,≈≈,,,,
*,* *,≈,,,≈,,**


You could see Grinder (weak-willed).

Vanquished Creatures
  5 adders
  A dart slug (D:1)
  6 bats
  3 endoplasms
  3 giant cockroaches (D:2)
  5 goblins
  4 hobgoblins
  8 jackals
  3 kobolds
  3 quokkas
  5 ball pythons
  2 frilled lizards (D:1)
  4 rats
52 creatures vanquished.

Vanquished Creatures (others)
  A fungus (D:1)
  2 plants (D:1)
3 creatures vanquished.

Grand Total: 55 creatures vanquished

Notes
Turn   | Place    | Note
-------+----------+-------------------------------------------
     0 | D:1      | KoroneIsBestGirl the Ogre Gladiator began the quest for the
                  | Orb.
     0 | D:1      | Reached XP level 1. HP: 22/22 MP: 1/1
   177 | D:1      | Reached XP level 2. HP: 19/31 MP: 2/2
   499 | D:1      | Found a faded altar of an unknown god.
   507 | D:1      | Got Plato's Volume of Intoxication
   923 | D:1      | Reached XP level 3. HP: 35/37 MP: 3/3
  1738 | D:2      | Reached XP level 4. HP: 10/45 MP: 4/4
  2507 | D:2      | Found a sparkling altar of Nemelex Xobeh.
  2656 | D:3      | Found Huxad's Distillery.
  2964 | D:3      | Noticed Grinder
  2977 | D:3      | Slain by Grinder

Illustrated notes

Levels and vault maps discovered:
D:1:      minmay_arrival_jagged, layout_loops_ring,
          shapermc_ecumenical_altar_rom_forum
D:2:      layout_basic, basic_altar
D:3:      layout_loops_ring, mainiacjoe_overflow_surrounded_room,
          mainiacjoe_overflow_catwalk, serial_shops, shop, uniq_grinder

Skill      XL: |  1  2 |
---------------+-------+-----
Fighting       | 3 |  3.8
Maces & Flails | 3 |  3.6
Dodging        | 3 |  3.5
Throwing       | |  2.3

Action                   |  1- 3 |  4- 6 || total
-------------------------+-------+-------++-------
Melee: Flail             |   135 |    60 ||   195
Throw: Stone             |       |     6 ||     6
  Use: Scroll            |       |     2 ||     2
       Potion            |       |     2 ||     2
Armor: Robe              |    62 |    23 ||    85
Dodge: Dodged            |   105 |    24 ||   129
Block: Kite shield       |       |    17 ||    17

Table legend: (Time is in decaauts)
 A = Elapsed time spent in this place.
 B = Non-inter-level travel time spent in this place.
 C = Inter-level travel time spent in this place.
 D = Time resting spent in this place.
 E = Time spent auto-exploring this place.
 F = Levels seen in this place.
 G = Mean time per level.
                   A        B        C        D        E       F      G
               +--------+--------+--------+--------+--------+-----+--------+
         Total |   3039 |   2979 |     60 |      0 |   2520 |   3 | 1013.0 |
       Dungeon |   3039 |   2979 |     60 |      0 |   2520 |   3 | 1013.0 |
               +--------+--------+--------+--------+--------+-----+--------+

Top non-repeatable levels by time:
     D:1: 1399 daAuts
     D:2: 1282 daAuts
     D:3: 358 daAuts
